Map: Ever Dream LE

Players

Rex

  • Race: Zerg Zerg
  • League: Master
  • Spawn Location: 7:00

ExpecT - Winner!

  • Race: Terran Terran
  • League: Master
  • Spawn Location: 1:00

Event: DreamHack SC2 Masters 2020 Summer TwHkMoJp

VOD

Have the link to the VOD?

Description

Time

  • Played on: June 27, 2020, 7:36 a.m.
  • Length: 15:18

All games in this series

Show
View Real Time Build Order
Export as new Build Order

Rex Zerg 

Build Orders: Hatch First, Muta Ling Bane 

Get SALT Encoding   

  12  0:00  Drone  
  13  0:12  Overlord  
  13  0:17  Drone  
  14  0:31  Drone  
  14  0:32  Drone  
  16  0:48  Hatchery  
  15  0:51  Drone  
  15  0:55  Drone  
  17  0:58  Drone  
  18  1:08  Extractor  
  17  1:13  Spawning Pool  
  17  1:17  Drone  
  17  1:20  Drone  
  18  1:30  Drone  
  19  1:42  Drone  
  19  1:46  Hatchery  
  19  1:50  Drone  
  20  2:00  Queen  
  22  2:01  Zergling x2  
  23  2:10  Zergling x2  
  23  2:14  Queen  
  26  2:20  Overlord  
  26  2:25  Drone  
  26  2:42  Drone x2  
  28  2:45  Drone, Metabolic Boost  
  28  2:50  Spore Crawler  
  28  2:51  Queen  
  28  2:53  Extractor  
  29  2:59  Drone  
  29  3:03  Overlord  
  29  3:05  Drone x2  
  33  3:06  Drone  
  34  3:15  Queen  
  36  3:20  Drone  
  36  3:23  Drone x3  
  40  3:30  Queen  
  40  3:32  Drone x2  
  44  3:37  Overlord  
  44  3:42  Zergling x2  
  44  3:43  Zergling x2  
  44  3:44  Drone  
  47  3:53  Drone  
  47  3:55  Drone x4  
  52  3:57  Drone x3  
  55  4:04  Spore Crawler  
  55  4:05  Overlord  
  55  4:06  Queen  
  57  4:14  Evolution Chamber  
  57  4:15  Evolution Chamber  
  55  4:24  Drone x2  
  55  4:25  Drone x7  
  55  4:28  Spore Crawler  
  55  4:29  Spore Crawler  
  62  4:35  Spore Crawler  
  62  4:36  Extractor  
  62  4:38  Drone x3  
  61  4:42  Drone x3  
  66  4:48  Overlord x3  
  66  5:00  Spore Crawler  
  66  5:02  Overlord  
  66  5:05  Drone  
  66  5:07  Drone x8  
  66  5:08  Drone  
  66  5:10  Drone, Spore Crawler  
  66  5:11  Drone  
  66  5:13  Zerg Melee Weapons Level 1  
  76  5:17  Zerg Ground Armor Level 1  
  76  5:19  Zergling x4  
  76  5:20  Zergling x2  
  79  5:23  Extractor  
  79  5:24  Extractor  
  79  5:27  Extractor  
  76  5:28  Drone  
  76  5:30  Zergling x12  
  76  5:31  Drone  
  76  5:33  Drone  
  76  5:34  Drone  
  76  5:35  Drone  
  87  5:37  Drone  
  87  5:40  Lair  
  87  5:41  Drone, Extractor  
  88  5:45  Drone x3  
  88  5:47  Drone  
  88  5:48  Baneling Nest  
  91  5:50  Drone  
  92  5:57  Overlord  
  92  6:02  Drone  
  93  6:10  Drone x3  
  94  6:14  Zergling x8  
  98  6:22  Hatchery  
  98  6:25  Overlord x3  
  97  6:32  Drone  
  98  6:35  Zergling x8  
  98  6:36  Baneling x4, Hatchery  
  101  6:42  Zergling x10  
  101  6:47  Overseer, Spire  
  106  6:48  Zergling x8  
  109  6:56  Zergling x10  
  109  7:01  Hatchery  
  113  7:02  Overlord  
  113  7:03  Overlord  
  113  7:06  Overlord  
  113  7:12  Drone  
  113  7:13  Centrifical Hooks  
  113  7:14  Zerg Ground Armor Level 2  
  114  7:23  Zergling x18  
  114  7:29  Zerg Melee Weapons Level 2  
  123  7:30  Zergling x4  
  123  7:36  Overlord x2  
  125  7:37  Overlord  
  125  7:40  Zergling x2  
  126  7:46  Drone x5  
  126  7:47  Drone x4  
  135  7:56  Baneling x4  
  133  8:06  Baneling x14  
  133  8:22  Mutalisk  
  133  8:23  Mutalisk x10  
  133  8:24  Overlord x2  
  133  8:26  Drone  
  133  8:27  Drone x2  
  155  8:32  Overseer  
  155  8:33  Pneumatized Carapace  
  155  8:45  Zergling x32  
  171  8:50  Extractor  
  170  8:56  Overlord x2  
  170  8:58  Zerg Flyer Weapons Level 1  
  170  8:59  Mutalisk x3  
  170  9:00  Overlord  
  176  9:07  Overlord  
  176  9:14  Zergling x24  
  188  9:18  Baneling x9  
  188  9:26  Infestation Pit  
  188  9:29  Zergling x20  
  197  9:33  Drone x2  
  197  9:34  Overlord  
  197  9:36  Overlord  
  197  9:37  Overseer  
  199  9:41  Overlord x2  
  197  9:54  Zergling x4  
  197  9:58  Overlord  
  199  10:03  Baneling x16  
  198  10:24  Zergling x2  
  198  10:27  Hive  
  193  10:40  Zergling x22  
  193  10:41  Zergling x22  
  185  10:53  Zergling x16  
  192  11:05  Zergling x14  
  192  11:07  Baneling x13  
  192  11:08  Baneling x9  
  199  11:14  Baneling x10  
  199  11:15  Baneling x12  
  199  11:26  Unknown  
  199  11:27  Zergling x2  
  199  11:36  Hatchery  
  199  11:39  Zergling x36  
  185  11:46  Zergling x2  
  185  11:47  Zergling x16  
  174  11:50  Zergling x10  
  174  11:52  Adrenal Glands  
  167  11:56  Zerg Ground Armor Level 3, Zerg Melee Weapons Level 3  
  167  11:57  Baneling x5  
  165  12:11  Drone x3  
  164  12:16  Drone  
  164  12:17  Drone x10  
  164  12:18  Drone  
  174  12:24  Ultralisk Cavern  
  173  12:34  Zergling x22  
  173  12:35  Baneling x3  
  184  12:43  Zergling x10  
  189  12:52  Zerg Flyer Weapons Level 2  
  189  12:54  Baneling  
  189  12:55  Baneling x13  
  189  13:01  Zergling x12  
  189  13:02  Zergling x8  
  196  13:09  Zergling x18  
  196  13:10  Zergling x2  
  155  13:14  Zergling x10  
  153  13:20  Zergling x12  
  155  13:30  Ultralisk  
  155  13:32  Baneling x6  
  161  13:39  Zergling x14  
  168  13:51  Baneling x8  
  168  13:55  Zergling x24  
  163  13:59  Baneling x9  
  162  14:07  Baneling x5  
  162  14:08  Baneling x10  
  154  14:15  Mutalisk x6  
  159  14:22  Zergling x14  
  137  14:30  Zergling x12  
  137  14:31  Zergling x6  
  129  14:34  Zergling x4  
  129  14:38  Zergling x4  
  133  14:42  Zergling x6  
  133  14:43  Zergling x2  
  133  14:52  Zergling x10  
  134  14:56  Baneling x5  
  134  14:57  Baneling x2  
Show
View Real Time Build Order
Export as new Build Order

ExpecT Terran - Winner!

Build Orders: Reaper Expand, Hellion Banshee 

Get SALT Encoding   

  12  0:00  SCV  
  13  0:12  SCV  
  14  0:17  Supply Depot  
  14  0:25  SCV  
  15  0:38  SCV  
  15  0:40  Barracks  
  16  0:44  Refinery  
  16  0:50  SCV  
  17  1:02  SCV  
  18  1:14  SCV  
  19  1:27  Orbital Command  
  19  1:28  Reaper  
  20  1:39  Command Center  
  20  1:50  Supply Depot  
  20  1:52  SCV  
  21  2:04  Factory, Marine  
  21  2:08  SCV  
  23  2:20  SCV  
  24  2:23  Barracks Reactor  
  24  2:33  SCV  
  25  2:44  Command Center  
  25  2:48  SCV  
  26  2:53  Refinery  
  26  2:58  Orbital Command  
  26  3:01  SCV  
  27  3:08  Starport  
  27  3:15  Hellion  
  27  3:16  Hellion  
  27  3:18  SCV  
  27  3:19  Barracks Tech Lab  
  32  3:25  SCV  
  33  3:30  SCV  
  34  3:37  Hellion x2  
  34  3:38  SCV  
  39  3:43  SCV  
  40  3:50  SCV  
  40  3:51  Banshee, Cloaking Field  
  44  3:55  SCV  
  44  3:56  Barracks Tech Lab  
  44  4:00  Orbital Command  
  44  4:02  SCV  
  46  4:08  Hellion  
  46  4:09  Hellion  
  50  4:11  SCV  
  50  4:14  SCV  
  52  4:19  Stimpack  
  52  4:20  Marine  
  52  4:21  Supply Depot  
  53  4:27  SCV x2  
  53  4:28  SCV  
  56  4:34  Banshee  
  59  4:39  SCV  
  60  4:47  SCV x2  
  60  4:48  Barracks  
  60  4:49  Factory Reactor  
  60  4:50  Supply Depot, Barracks  
  62  4:53  Marine  
  62  4:56  Engineering Bay  
  62  4:57  Engineering Bay  
  62  4:58  SCV  
  62  4:59  SCV  
  65  5:02  Refinery, SCV  
  65  5:04  Refinery  
  66  5:10  Orbital Command  
  66  5:11  Marine  
  66  5:12  SCV x2  
  66  5:13  Supply Depot  
  69  5:21  Barracks  
  69  5:22  Barracks  
  69  5:25  SCV  
  69  5:26  SCV  
  71  5:29  Terran Infantry Weapons Level 1, Terran Infantry Armor Level 1  
  71  5:31  Marine  
  71  5:33  Starport Reactor  
  72  5:36  Supply Depot  
  72  5:38  SCV x3  
  75  5:48  Supply Depot  
  75  5:50  SCV x2  
  75  5:51  Marine x5  
  75  5:55  SCV  
  83  5:58  Siege Tank  
  83  6:02  SCV x2  
  88  6:07  SCV  
  88  6:09  Barracks Reactor x2  
  88  6:11  Marine x5  
  89  6:14  SCV x2  
  89  6:17  Medivac x2  
  100  6:19  Supply Depot  
  100  6:21  Supply Depot  
  100  6:23  Supply Depot, SCV  
  101  6:28  Combat Shield  
  101  6:40  Marine x4  
  101  6:41  Siege Tank, Armory, SCV  
  101  6:42  Marine, SCV x2  
  101  6:46  Supply Depot  
  112  6:47  Supply Depot  
  112  6:49  Refinery  
  112  6:50  Refinery, Marine x2  
  114  6:55  SCV x3  
  114  6:58  Marine  
  114  7:00  Supply Depot  
  117  7:04  Marine x4  
  117  7:07  SCV x3  
  124  7:18  Siege Tank  
  124  7:19  Supply Depot, Marine  
  124  7:20  Marine x3  
  131  7:23  SCV x3  
  131  7:24  Marine x2  
  136  7:30  Terran Infantry Weapons Level 2, Terran Infantry Armor Level 2  
  136  7:33  Missile Turret  
  136  7:36  Supply Depot  
  136  7:40  Marine x3  
  136  7:41  Medivac x2  
  143  7:46  Factory  
  143  7:52  Marine x2  
  143  7:53  Marine x4  
  149  8:04  Command Center  
  147  8:08  Marine x3  
  147  8:10  Marine  
  147  8:11  Medivac  
  147  8:12  Medivac  
  153  8:14  Siege Tank  
  153  8:18  Marine x3  
  151  8:28  Marine x2  
  149  8:37  Factory Reactor, Missile Turret  
  149  8:39  Marine  
  149  8:40  Marauder, Marine x5, Supply Depot  
  157  8:41  Missile Turret  
  157  8:44  Missile Turret  
  157  8:46  Marine x2  
  159  8:57  Supply Depot, Marine  
  159  8:58  Marine x3  
  162  9:08  Marine x2  
  162  9:09  Barracks x2  
  164  9:10  Marine x3, Barracks  
  164  9:15  Thor  
  164  9:16  Widow Mine x2  
  172  9:23  Marine x3  
  165  9:26  Marine x3  
  165  9:28  Marine x2  
  165  9:29  Marauder  
  169  9:35  Missile Turret x2  
  168  9:41  Marine x2  
  169  9:46  SCV x2  
  169  9:50  Marauder  
  169  9:51  Widow Mine x2, Drilling Claws  
  177  9:52  Planetary Fortress  
  177  9:54  SCV  
  177  9:58  SCV x2, Thor  
  186  10:01  Terran Infantry Weapons Level 3  
  186  10:07  Terran Infantry Armor Level 3, Missile Turret  
  183  10:09  Marine x3  
  183  10:10  Barracks Tech Lab  
  183  10:11  Barracks Tech Lab  
  183  10:12  Barracks Tech Lab  
  186  10:16  Missile Turret  
  186  10:19  Missile Turret  
  186  10:26  Widow Mine x2  
  190  10:34  Supply Depot x2  
  189  10:36  Medivac x2  
  155  10:43  Marauder, Marine x3  
  155  10:47  Command Center, Thor  
  164  10:56  Widow Mine  
  164  10:57  Widow Mine  
  168  10:59  Marine x7  
  174  11:07  Missile Turret  
  174  11:08  Missile Turret  
  174  11:13  Marauder, Marine x2  
  174  11:14  Marauder  
  174  11:17  Marauder  
  182  11:25  Widow Mine x2  
  186  11:30  Marine  
  186  11:31  Marauder  
  189  11:36  Supply Depot x2  
  189  11:37  Marine, Thor  
  165  11:40  Marine  
  165  11:41  Marauder, Marine  
  138  11:49  Marine x2  
  138  11:50  Marauder x2, Marine x3  
  125  11:57  Marine x2  
  125  11:58  Marine  
  125  11:59  Command Center  
  128  12:03  Marauder  
  128  12:04  Widow Mine x2  
  134  12:11  Marauder  
  134  12:13  Marine x4  
  134  12:14  Marauder, Marine  
  141  12:16  Marauder  
  136  12:25  Medivac x2  
  136  12:26  Thor  
  136  12:27  Widow Mine x2  
  150  12:31  Marine x2  
  150  12:32  Marauder  
  150  12:36  Marine x2  
  150  12:37  Marauder x2, Marine x2  
  162  12:46  Marine x2  
  162  12:47  Marauder  
  166  12:55  Medivac x2  
  170  12:59  Widow Mine x2  
  170  13:00  Marine x2, Missile Turret  
  170  13:01  Marauder  
  178  13:07  Marine  
  178  13:08  Marauder  
  178  13:09  Thor  
  178  13:10  Marine x3  
  178  13:11  Marauder, Marine x2  
  178  13:12  Marauder  
  169  13:18  Marine x2  
  171  13:20  Widow Mine  
  171  13:21  Widow Mine  
  171  13:22  Marauder  
  171  13:25  Marine  
  178  13:31  Marine x3  
  178  13:32  Marauder  
  181  13:39  Marine x2  
  181  13:40  Marauder x2, Marine  
  188  13:42  Widow Mine  
  188  13:44  Widow Mine  
  192  13:55  Marine x2  
  189  13:56  Marauder x2  
  189  13:59  Marine x2  
  189  14:01  Marauder  
  193  14:08  Marine  
  193  14:09  Marauder, Marine  
  192  14:13  Planetary Fortress  
  192  14:15  Marine  
  193  14:19  Marine  
  193  14:20  Marauder  
  193  14:23  Marine x3  
  173  14:28  Marine  
  173  14:29  Marine  
  173  14:30  Widow Mine  
  159  14:40  Marine  
  159  14:41  Marauder x2  
  159  14:42  Marine x2  
  161  14:50  Marine  
  161  14:51  Marauder, Marine x2  
Tags
 
Add a new tag
Caveats
  • Supply blocks, unpowered buildings, or Contaminate may cause inaccurate times.
  • Supply counts are checked every 10 seconds.